 Dungeon Crawl Stone Soup version 0.18-a0-1618-gf90497c (console) character file.

2040209 ldf the Intangible (level 27, 276/276 HPs)
             Began as a Tengu Monk on Mar 20, 2016.
             Was the Champion of Okawaru.
             Escaped with the Orb
             ... and 4 runes on Mar 23, 2016!
             The game lasted 11:09:38 (94492 turns).

ldf the Intangible (Tengu Monk)                    Turns: 94492, Time: 11:09:39

Health: 276/276    AC: 40    Str: 27    XL:     27
Magic:  23/33      EV: 50    Int: 10    God:    Okawaru [******]
Gold:   7088       SH:  8    Dex: 27    Spells: 5 memorised, 29 levels left

rFire  + + +     SeeInvis +     a - +9 triple crossbow (velocity)
rCold  + + +     Gourm    .     P - +8 fire dragon armour
rNeg   . . .     Faith    .     (shield currently unavailable)
rPois  +         Spirit   .     q - +2 hat {SInv}
rElec  +         Dismiss  .     J - +2 cloak {MR+}
rCorr  +         Reflect  +     X - +2 pair of gloves {archery}
SustAt .         Harm     .     (boots unavailable)
MR     +++..                    N - brooch of Shielding {Reflect SH+8}
Stlth  ..........               M - ring of Moebuzank {rC++ AC+4 Str+2 Dex-4}
                                B - ring of Pafewiz {*Drain +Fly rElec rF+ rC+ Dex+4}

@: mighty, agile, berserking, resistant, heroism, flying quickly and evasively,
very slightly contaminated, regenerating, hasted, repel missiles, invisible,
very quick, extremely resistant to hostile enchantments, extremely unstealthy
A: beak, talons 3, able to fly 2
a: Stop Flying, Heroism, Finesse, Renounce Religion
0: Orb of Zot
}: 4/15 runes: serpentine, barnacled, slimy, silver


You escaped.
You worshipped Okawaru.
Okawaru was exalted by your worship.
You were full.

You visited 12 branches of the dungeon, and saw 61 of its levels.
You also visited: Trove, Bailey, Ice Cave and Volcano.

You collected 9878 gold pieces.
You spent 1474 gold pieces at shops.

Inventory:

Hand Weapons
 a - a +9 triple crossbow of velocity (weapon)
Missiles
 y - 617 bolts (quivered)
 O - 100 silver bolts
 Z - 86 bolts of penetration
Armour
 k - a +2 cloak of invisibility
 q - a +2 hat of see invisible (worn)
 J - a +2 cloak of magic resistance (worn)
 P - a +8 fire dragon armour (worn)
 X - a +2 pair of gloves of archery (worn)
Rods
 b - a +6 rod of shadows (14/14) {!a}
   (You took it off a tengu reaver on level 5 of the Vaults)
 g - a +3 rod of inaccuracy (11/11) {!a}
   (You found it on level 3 of the Crypt)
Jewellery
 B - the ring of Pafewiz (left hand) {*Drain +Fly rElec rF+ rC+ Dex+4}
   (You found it on level 3 of the Depths)

   [ring of protection from cold]

   It affects your dexterity (+4).
   It protects you from fire.
   It protects you from cold.
   It insulates you from electricity.
   It lets you fly.
   It causes draining when unequipped.
 E - an uncursed ring of poison resistance
 G - the amulet of the Four Winds {rN+ MR+++ Clar}
   (You found it on level 3 of the Crypt)

   [amulet of nothing]

   It protects you from negative energy.
   It affects your resistance to hostile enchantments.
   It protects you against confusion.
 M - the ring of Moebuzank (right hand) {rC++ AC+4 Str+2 Dex-4}
   (You found it on level 6 of the Pits of Slime)

   [ring of protection]

   It affects your AC (+4).
   It affects your strength (+2).
   It affects your dexterity (-4).
   It greatly protects you from cold.
 N - the brooch of Shielding (around neck) {Reflect SH+8}
   (You found it on level 6 of the Pits of Slime)

   [amulet of reflection]

   It shields you and reflects attacks.
   It affects your SH (+8).
Wands
 f - a wand of teleportation (9/9) {@v4}
 j - a wand of disintegration (6/24)
 Q - a wand of digging (12/24)
Scrolls
 l - a scroll of silence {!r}
 m - 9 scrolls of blinking
 n - 8 scrolls of fog
 o - 21 scrolls of remove curse {@r2}
 v - 10 scrolls of teleportation {@r4}
 A - 2 scrolls of holy word
 I - 11 scrolls of recharging
 S - 22 scrolls of identify {@r1}
 U - 2 scrolls of magic mapping
 W - 3 scrolls of summoning
 Y - 10 scrolls of fear
Potions
 e - 8 potions of cancellation
 h - 4 potions of invisibility
 i - 17 potions of curing {@q1}
 p - 5 potions of resistance
 s - 5 potions of heal wounds {@q2}
 t - 4 potions of berserk rage {!q}
 x - 6 potions of agility
 z - 6 potions of might
 C - 6 potions of haste {@q3}
 F - a potion of cure mutation
Miscellaneous
 c - a sack of spiders
 w - a box of beasts
 H - a lamp of fire
 L - a phantom mirror
Comestibles
 d - 47 fruits
 u - 30 bread rations
 R - 17 meat rations


   Skills:
 - Level 22.1(27) Fighting
 - Level 26.0(27) Crossbows
 + Level 23.2(27) Armour
 O Level 27 Dodging
 - Level 2.0(7.0) Stealth
 - Level 4.3(9.3) Unarmed Combat
 - Level 6.0 Spellcasting
 - Level 6.8 Charms
 - Level 6.0 Summonings
 - Level 10.0 Necromancy
 - Level 7.0 Translocations
 - Level 9.3 Air Magic
 - Level 10.0 Invocations
 - Level 12.0 Evocations


You had 29 spell levels left.
You knew the following spells:

 Your Spells              Type           Power        Failure   Level  Hunger
a - Summon Butterflies    Summ           ###.....     2%          1    None
k - Blink                 Tloc           N/A          2%          2    ##.....
r - Repel Missiles        Chrm/Air       ###...       1%          2    ##.....
v - Regeneration          Chrm/Necr      ###.......   3%          3    ###....
A - Apportation           Tloc           ###.......   1%          1    None


Dungeon Overview and Level Annotations

Branches:
Dungeon (15/15)            Temple (1/1) D:4            Lair (8/8) D:11
 Shoals (4/4) Lair:3        Snake (4/4) Lair:3        Slime (6/6) Lair:6
    Orc (2/2) D:9             Elf (3/3) Orc:2        Vaults (5/5) D:14
  Crypt (3/3) Vaults:3       Tomb (0/3) Crypt:3      Depths (5/5) D:15
    Zot (5/5) Depths:5

Altars:
Ashenzari
Cheibriados
Dithmenos
Elyvilon
Fedhas
Gozag
Kikubaaqudgha
Makhleb
Nemelex Xobeh
Okawaru
Pakellas
Qazlal
Ru
Sif Muna
Trog
Vehumet
Xom
Yredelemnul
Zin
The Shining One
Jiyva
Lugonu

Shops:
D:4 =   D:5 [   D:13 (   Orc:2 *:!(   Shoals:1 !   Depths:2 *   Depths:5 *(:(:

Portals:
Hell: Depths:1 Depths:2 Depths:3 Depths:4 Depths:5
Abyss: Depths:3 Depths:4
Pandemonium: Orc:2 Depths:3 Depths:4
Ziggurat: Depths:3

Annotations:
Snake:3 macabre necklace
Slime:4 Dissolution
Elf:2 3 runed doors
Zot:5 1 exclusion


Innate Abilities, Weirdness & Mutations

You have a beak for a mouth.
You have claws for feet.
You can fly continuously.


Message History

Really quaff
t - 5 potions of berserk rage {!q}?
Do you really want to go berserk while wielding your +9 triple crossbow of velocity?
A red film seems to cover your vision as you go berserk!
Your finesse ends abruptly.
You feel yourself moving faster!
You feel mighty!
You are alive.
You are mighty.
You are agile.
You are possessed by a berserker rage.
You resist elements.
You possess the skills of a mighty hero.
You are flying quickly and evasively.
You are very lightly contaminated with residual magic.
You are regenerating.
Your actions are hasted.
You repel missiles.
You are invisible.
Your flying speed is very quick.
Your attack speed is quite fast (and cannot be improved with additional weapon skill).
Your base attributes are Str 20, Int 10, Dex 22.
You are extremely resistant to hostile enchantments.
You are extremely unstealthy.
Unknown command.
Unknown command.
You feel a strong urge to attack something.
The red devil completely misses you.
You have escaped! ••██••••█████•█████••█ •█████••█•••█•█•••█••█ •█ ██•█•>•4•█•••█••█ •█ █•█•••█•█•••█••█ •██████•█████•██∆██••█ •[•••██•••••••••••••██ ••••••█•██∆██•█████•█ ••••••••█•••█•█•••█•█ ••••••••█•••█•4•@•█•█ ••••••••█•••█•█•••█•█ ••••••••█████•█████•█ ••••••••••••••••••••█ •••••••█••█████••████ ••••••██•██ ██•█ ••••••••••██████•█ █████████••••••••█ ██████████

You could see a red devil.

Vanquished Creatures
  A pandemonium lord (D:2)
  Khufu (Crypt:1)
  5 orbs of fire
  Mara (Elf:3)
  6 ancient liches
  2 greater mummies (Vaults:3)
  Frederick (Vaults:4)
  Vashnia (Snake:3)
  4 Killer Klowns (Zot:5)
  2 curse toes
  Xtahua (Vaults:4)
  Nikola (Elf:3)
  5 golden dragons
  2 bone dragons
  3 electric golems (Zot:5)
  Jorgrun (Shoals:4)
  11 tentacled monstrosities
  5 liches
  28 Orb Guardians
  2 deep elf master archers (Elf:3)
  7 titans
  A kraken (Shoals:3)
  15 acid blobs
  2 deep elf blademasters (Elf:3)
  An ancient champion (Crypt:3)
  6 death cobs
  5 shadow dragons
  An eldritch tentacle (Depths:3)
  7 sphinxes
  Polyphemus (Shoals:3)
  Kirke (Elf:1)
  6 tengu reavers
  12 storm dragons
  4 draconian monks (Zot:5)
  7 azure jellies
  2 revenants
  Ilsuiw (Shoals:3)
  Donald (Shoals:1)
  10 greater nagas
  4 draconian knights
  16 fire giants
  2 orc warlords
  Wiglaf (Elf:3)
  6 deep elf sorcerers
  4 draconian zealots
  11 vault wardens
  Louise (Shoals:4)
  15 frost giants
  A draconian scorcher (Zot:5)
  4 deep elf elementalists
  4 curse skulls
  A ghost moth (Zot:4)
  4 draconian annihilators
  4 ghouls
  A juggernaut zombie (Depths:4)
  Aizul (Snake:2)
  6 draconian shifters
  9 ironheart preservers
  2 spriggan defenders
  A spectral iron giant (Depths:3)
  7 draconian callers
  27 stone giants
  A caustic shrike skeleton (Depths:4)
  5 war gargoyles
  4 salamander stormcallers
  14 very ugly things
  A reaper (Crypt:3)
  Azrael (D:13)
  10 deep elf demonologists
  Nessos (D:14)
  7 vampire knights
  8 purple draconians
  10 green draconians
  6 white draconians
  14 red draconians
  3 mottled draconians
  4 yellow draconians
  13 deep elf annihilators
  A large abomination (Depths:4)
  6 black draconians
  7 spark wasps
  8 deep elf death magi
  An eidolon (Crypt:3)
  11 ettins
  Snorg (Lair:7)
  31 vault guards
  14 fire dragons
  6 merfolk javelineers (Shoals:4)
  A crystal guardian (Zot:3)
  2 quicksilver dragon zombies (Crypt:1)
  Josephine (D:11)
  12 jiangshi
  7 deep elf high priests
  12 merfolk impalers
  17 yaktaur captains
  12 great orbs of eyes
  Fannar (D:10)
  17 ogre magi
  A spectral tengu (Depths:3)
  5 death oozes
  5 entropy weavers
  14 naga warriors
  2 monstrous demonspawn (D:6)
  A caustic shrike simulacrum (Depths:3)
  6 rakshasas
  A ghost crab (shapeshifter) (Vaults:2)
  11 hydras
  12 centaur warriors
  6 death knights
  2 catoblepae
  2 merfolk avatars (Shoals:4)
  2 anacondas (Snake:2)
  16 ice dragons
  A spriggan air mage (Depths:4)
  3 merfolk aquamancers
  An anaconda (shapeshifter) (Vaults:4)
  15 deep troll earth magi
  18 dancing weapons
  6 tengu warriors
  3 satyrs
  An iron giant skeleton (Depths:2)
  12 deep troll shamans
  4 shock serpents
  A shock serpent (shapeshifter) (D:15)
  A titan zombie (Crypt:3)
  Urug (D:14)
  11 death yaks
  5 vampire magi
  6 orc high priests (Orc:2)
  8 spriggan berserkers
  26 naga sharpshooters
  19 hell knights
  4 soul eaters
  A spectral spriggan (Depths:3)
  14 deep elf knights
  2 fire crabs
  3 shadow wraiths
  The ghost of iafm the Destroyer, a journeyman VSCj of Okawaru (D:10)
  2 storm dragon zombies
  28 skeletal warriors
  A death drake (Depths:3)
  3 salamander mystics
  5 iron trolls
  4 giant orange brains
  A golden dragon zombie (Depths:4)
  35 deep trolls
  An anaconda zombie (Crypt:3)
  2 unseen horrors (shapeshifter) (Vaults:1)
  6 unseen horrors
  2 fire crabs (shapeshifter) (Depths:3)
  5 naga ritualists
  6 flayed ghosts
  14 sea snakes
  An infernal demonspawn (Orc:2)
  A kraken simulacrum (Shoals:4)
  An orange crystal statue (Depths:3)
  An anaconda skeleton (Crypt:3)
  17 deep elf archers
  2 torturous demonspawn (Orc:2)
  An anubis guard (shapeshifter) (Vaults:4)
  A harpy (shapeshifter) (Depths:3)
  3 lindwurms
  A lindwurm (shapeshifter) (Depths:3)
  15 harpies
  15 ironbrand convokers
  8 hill giants
  20 orc knights
  2 tengu zombies
  11 phantasmal warriors
  A wolf spider zombie (Crypt:1)
  11 necromancers
  A shadow dragon zombie (Crypt:3)
  6 wizards
  7 hornets
  A frost giant zombie (Depths:3)
  49 ugly things
  11 orc sorcerers
  5 mana vipers
  8 fauns
  An orb spider (Zot:3)
  4 wolf spiders
  12 griffons
  3 shining eyes
  66 deep elf magi
  An oklob plant (Shoals:2)
  A stone giant zombie (Depths:2)
  A sphinx skeleton (Depths:3)
  A tengu skeleton (Depths:4)
  A manticore (shapeshifter) (Vaults:3)
  20 moths of wrath
  2 moths of wrath (shapeshifter)
  3 salamanders (shapeshifter)
  21 manticores
  A hell hog skeleton (Crypt:2)
  11 cyclopes
  A hornet (shapeshifter) (Depths:2)
  12 fire giant skeletons (Crypt:3)
  22 black mambas
  18 salamanders
  3 elephants (Lair:7)
  A water nymph (shapeshifter) (D:14)
  2 frost giant skeletons
  9 water nymphs
  5 guardian serpents
  16 vault sentinels
  11 sirens
  Joseph (D:7)
  A black mamba (shapeshifter) (D:13)
  A dire elephant zombie (Crypt:3)
  33 naga magi
  2 stone giant skeletons
  An ice statue (IceCv)
  Maurice (Orc:1)
  9 spiny frogs
  5 gargoyles
  A storm dragon simulacrum (Depths:3)
  A yaktaur zombie (Vaults:2)
  A spriggan zombie (Depths:2)
  2 molten gargoyles (Depths:3)
  A rime drake (shapeshifter) (Depths:3)
  3 yaktaurs (shapeshifter)
  11 kobold demonologists
  12 komodo dragons
  2 dire elephant skeletons (Crypt:1)
  7 rime drakes
  50 yaktaurs
  A tormentor (D:2)
  2 hellwings (Orc:2)
  A hydra zombie (Crypt:3)
  3 efreet
  3 tengu conjurers
  2 spriggan druids
  An elf skeleton (Depths:3)
  A komodo dragon (shapeshifter) (Vaults:2)
  A merfolk (shapeshifter) (Depths:4)
  A troll (shapeshifter) (D:14)
  10 freezing wraiths
  A tengu simulacrum (Vaults:4)
  3 red devils
  2 harpy zombies (Zot:3)
  2 jumping spiders
  10 trolls
  33 two-headed ogres
  A polar bear (shapeshifter) (Depths:4)
  24 polar bears
  A white draconian skeleton (Crypt:1)
  26 merfolk
  A minotaur skeleton (Crypt:2)
  3 wind drakes
  Prince Ribbit (D:6)
  A bog body (Crypt:2)
  31 blink frogs
  Grinder (D:4)
  A sphinx simulacrum (Depths:3)
  A blink frog (shapeshifter) (Depths:3)
  A raiju (Zot:3)
  An ettin zombie (Crypt:1)
  An alligator zombie (Crypt:3)
  116 slime creatures
  A fire giant simulacrum (Depths:4)
  5 boulder beetles
  11 snapping turtles
  An ice dragon zombie (Crypt:1)
  12 air elementals
  17 redbacks
  A spriggan skeleton (Depths:2)
  A ynoxinul (Orc:2)
  A black mamba zombie (Crypt:3)
  9 flying skulls
  2 shadows (Crypt:3)
  2 tarantellas (shapeshifter)
  12 spriggans
  11 wyverns
  4 fire dragon skeletons (Crypt:3)
  25 fire elementals
  3 humans (shapeshifter)
  An ice dragon skeleton (Crypt:3)
  59 yaks
  20 wraiths
  13 water elementals
  8 vampires
  A dire elephant simulacrum (Crypt:1)
  2 fire bats (Volcano)
  4 hogs
  9 basilisks
  A chaos spawn (D:1)
  4 hungry ghosts
  32 vampire mosquitoes
  A hippogriff (shapeshifter) (Vaults:3)
  10 hippogriffs
  A steam dragon (Lair:7)
  4 small abominations
  4 mottled dragons
  An emperor scorpion simulacrum (Crypt:1)
  3 human simulacra (Vaults:2)
  2 yaktaur simulacra
  2 spatial vortices (Depths:3)
  16 wargs
  A warg (shapeshifter) (D:15)
  6 insubstantial wisps (Depths:3)
  A swamp worm (shapeshifter) (Vaults:5)
  A soldier ant (shapeshifter) (Vaults:4)
  9 swamp worms (Lair:5)
  51 nagas
  6 hell hounds
  13 water moccasins
  A water moccasin (shapeshifter) (D:14)
  14 porcupines
  10 black bears
  A putrid demonspawn skeleton (Crypt:1)
  A swamp drake (Lair:7)
  3 phantoms
  63 orc warriors
  7 wasps
  2 eyes of draining (shapeshifter)
  17 ice beasts
  11 sky beasts
  A snapping turtle zombie (Crypt:3)
  43 ogres
  7 eyes of draining
  3 necrophages
  21 boggarts
  21 centaurs
  34 wolves
  3 crocodiles (shapeshifter)
  10 crocodiles
  3 big kobolds
  An elf zombie (Crypt:2)
  A big kobold (shapeshifter) (Depths:3)
  An octopode zombie (Crypt:2)
  2 wyvern zombies
  An earth elemental (Elf:1)
  2 human zombies
  A gnoll sergeant (D:9)
  4 human skeletons
  22 giant frogs
  A cyclops zombie (Crypt:1)
  A glowing shapeshifter simulacrum (Vaults:2)
  A spiny frog simulacrum (Crypt:1)
  A hippogriff zombie (Crypt:2)
  2 water moccasin zombies
  A cyclops skeleton (Crypt:2)
  4 wyvern skeletons
  6 scorpions
  A shapeshifter zombie (Crypt:1)
  A troll zombie (Crypt:3)
  12 killer bees (D:10)
  A howler monkey (D:14)
  A vampire bat (Depths:3)
  25 wights
  3 electric eels
  8 crimson imps
  A lava snake (Depths:3)
  2 quasits
  7 giant frog zombies
  11 hounds
  7 centaur zombies
  33 orc priests
  Crazy Yiuf (D:6)
  3 giant frog skeletons
  25 jellies
  9 centaur skeletons
  6 iguanas
  12 orc wizards
  4 hell rats (Lair:7)
  14 worker ants
  3 lightning spires (Depths:3)
  A worker ant (shapeshifter) (Depths:4)
  16 sheep
  A felid zombie (Crypt:1)
  A deep dwarf skeleton (Crypt:2)
  A naga skeleton (Crypt:3)
  A hound zombie (D:11)
  A mummy (Crypt:1)
  2 worker ant zombies
  Robin (D:4)
  18 gnolls
  2 howler monkey skeletons
  101 river rats
  22 adders
  5 shadow imps
  A white imp (Vaults:4)
  4 oozes
  An adder zombie (D:6)
  5 adder skeletons
  11 worms
  4 dart slugs
  3 giant geckos
  108 orcs
  2 ball pythons
  10 giant cockroaches
  46 goblins
  28 hobgoblins
  34 jackals
  17 kobolds
  7 quokkas
  7 bats
  A giant cockroach zombie (D:6)
  A giant gecko zombie (D:6)
  4 giant newts
  A jackal skeleton (D:8)
  3 jackal zombies (D:6)
  A kobold skeleton (Crypt:2)
  A quokka zombie (D:6)
  11 rats
  2 fungi (Lair:8)
  4 lost souls
  A plant (Lair:5)
  5 tentacles
3243 creatures vanquished.

Vanquished Creatures (collateral kills)
  the Royal Jelly (Slime:6)
  3 acid blobs (Slime:6)
  A deep elf knight (Elf:3)
  A black mamba (Snake:1)
  A wraith (Crypt:1)
  A giant frog zombie (D:6)
  A worker ant (D:11)
  An orc (Vaults:3)
10 creatures vanquished.

Vanquished Creatures (others)
  An eldritch tentacle (D:2)
  A draconian knight (Zot:5)
  2 deep elf elementalists (Elf:3)
  A red draconian (Crypt:1)
  A deep elf high priest (Vaults:5)
  A deep elf knight (Elf:3)
  A deep elf archer (Elf:1)
  A harpy (Shoals:1)
  A cyclops (D:11)
  A centaur skeleton (D:13)
  A water elemental (Depths:2)
  A fire elemental (Zot:4)
  2 yaks (Lair:6)
  A boggart (Vaults:1)
  An ogre (Vaults:1)
  A killer bee (D:10)
  4 river rats (Lair:6)
  A ball lightning (Depths:3)
  A butterfly (Zot:3)
  1540 eldritch tentacle segments
  43 fungi
  A lost soul (Crypt:2)
  32 plants
  16 tentacles
  262 tentacle segments
  11 withered plants (Crypt:3)
1929 creatures vanquished.

Grand Total: 5182 creatures vanquished

Notes
Turn   | Place    | Note
--------------------------------------------------------------
     0 | D:1      | ldf the Tengu Monk began the quest for the Orb.
     0 | D:1      | Reached XP level 1. HP: 14/14 MP: 2/2
   121 | D:1      | Reached XP level 2. HP: 19/19 MP: 3/3
   688 | D:2      | Reached XP level 3. HP: 24/24 MP: 4/4
  1529 | D:2      | You fall through a shaft!
  1748 | D:3      | Noticed an ice beast
  1781 | D:3      | Killed an ice beast
  1781 | D:3      | Reached skill level 5 in Fighting
  1781 | D:3      | Reached XP level 4. HP: 6/32 MP: 5/5
  1781 | D:3      | Gained mutation: You can fly. [Tengu growth]
  1781 | D:3      | Reached XP level 5. HP: 6/36 MP: 6/6
  3171 | D:4      | Reached skill level 1 in Crossbows
  3171 | D:4      | Reached XP level 6. HP: 36/41 MP: 7/7
  3365 | D:4      | Found a stormy altar of Qazlal.
  3503 | D:4      | Noticed a phantom
  3553 | D:4      | Killed a phantom
  3698 | D:4      | Found an ancient bone altar of Kikubaaqudgha.
  3706 | D:4      | Found a staircase to the Ecumenical Temple.
  3722 | Temple   | Entered the Ecumenical Temple
  3812 | Temple   | Became a worshipper of Warmaster Okawaru
  3812 | Temple   | Reached * piety under Okawaru
  3812 | Temple   | Reached ** piety under Okawaru
  3983 | Temple   | Reached XP level 7. HP: 21/46 MP: 8/8
  4404 | D:4      | Reached skill level 5 in Crossbows
  4624 | D:4      | Noticed Grinder
  4638 | D:4      | Killed Grinder
  4679 | D:4      | Found Qoguis's Jewellery Boutique.
  4840 | D:4      | Reached skill level 4 in Dodging
  5027 | D:4      | Noticed Robin
  5054 | D:4      | Killed Robin
  5403 | D:5      | Entered Level 5 of the Dungeon
  5480 | D:5      | Got a dazzling spear
  5485 | D:5      | Identified the +4 spear of the Spinneret {freeze, +Rage rElec Str+4} (You found it on level 5 of the Dungeon)
  5789 | D:5      | Reached XP level 8. HP: 51/51 MP: 9/9
  6060 | D:5      | Reached skill level 5 in Dodging
  6153 | D:5      | Found Yhour's Antique Armour Shoppe.
  6262 | D:5      | Bought an embroidered cloak for 76 gold pieces
  6267 | D:5      | Bought an embroidered cloak for 76 gold pieces
  6484 | D:5      | Bought a pair of runed gloves for 76 gold pieces
  6616 | D:5      | Reached *** piety under Okawaru
  6856 | D:6      | Reached skill level 6 in Dodging
  7132 | D:6      | Reached skill level 7 in Dodging
  7189 | D:6      | Reached XP level 9. HP: 55/55 MP: 10/10
  7353 | D:6      | Reached skill level 8 in Dodging
  7644 | D:6      | Gained mutation: You expend magic power (3 MP) to strengthen your wands. [mutagenic meat]
  7645 | D:6      | Gained mutation: Your mind is acute. (Int +2) [mutagenic meat]
  7647 | D:6      | Gained mutation: Your body sometimes deteriorates upon taking damage. [mutagenic meat]
  7698 | D:6      | Reached skill level 9 in Dodging
  7711 | D:6      | Noticed Prince Ribbit
  7719 | D:6      | Killed Prince Ribbit
  7719 | D:6      | Reached **** piety under Okawaru
  8023 | D:6      | Received a gift from Okawaru
  8126 | D:6      | Found a sacrificial altar of Ru.
  8157 | D:6      | Noticed Crazy Yiuf
  8290 | D:6      | Killed Crazy Yiuf
  8876 | D:7      | Reached skill level 10 in Dodging
  9435 | D:7      | Noticed Joseph
  9461 | D:7      | Killed Joseph
  9461 | D:7      | Received a gift from Okawaru
  9744 | D:8      | Reached skill level 11 in Dodging
  9744 | D:8      | Reached XP level 10. HP: 58/60 MP: 11/11
  9984 | D:8      | Identified a scroll of acquirement
 10267 | D:8      | Found a flagged portal.
 10281 | Bailey   | Entered a bailey
 10427 | Bailey   | Reached skill level 10 in Crossbows
 10668 | Bailey   | Reached skill level 1 in Invocations
 10743 | Bailey   | Noticed an orc knight
 10761 | Bailey   | Reached skill level 1 in Armour
 10787 | Bailey   | Killed an orc knight
 10787 | Bailey   | Reached ***** piety under Okawaru
 10812 | Bailey   | Noticed an orc knight
 10829 | Bailey   | Killed an orc knight
 10852 | Bailey   | Received a gift from Okawaru
 11025 | Bailey   | Noticed an orc warlord
 11041 | Bailey   | Noticed an orc knight
 11275 | Bailey   | Killed an orc knight
 11275 | Bailey   | Received a gift from Okawaru
 11275 | Bailey   | Reached XP level 11. HP: 64/67 MP: 10/14
 11443 | Bailey   | Killed an orc warlord
 11527 | Bailey   | Gained mutation: You have a pair of small horns on your head. [potion of beneficial mutation]
 12744 | D:8      | Received a gift from Okawaru
 12744 | D:8      | Reached skill level 5 in Armour
 12939 | D:9      | Gained mutation: You are agile. (Dex +2) [potion of beneficial mutation]
 13184 | D:9      | Found a staircase to the Orcish Mines.
 15182 | D:10     | Entered Level 10 of the Dungeon
 15429 | D:10     | Reached skill level 5 in Invocations
 15455 | D:10     | Received a gift from Okawaru
 15572 | D:10     | Noticed a hill giant
 15577 | D:10     | Killed a hill giant
 16006 | D:10     | Noticed a hill giant
 16019 | D:10     | Killed a hill giant
 16043 | D:10     | Noticed iafm's ghost (journeyman VSCj)
 16183 | D:10     | Killed iafm's ghost
 16183 | D:10     | Received a gift from Okawaru
 16183 | D:10     | Reached XP level 12. HP: 61/76 MP: 9/17
 16643 | D:11     | Received a gift from Okawaru
 16650 | D:11     | Gained mutation: Your muscles are strong. (Str +2) [mutagenic meat]
 16651 | D:11     | Lost mutation: You are agile. (Dex +2) [mutagenic meat]
 16652 | D:11     | Gained mutation: Your magical capacity is low (-10% MP). [mutagenic meat]
 16653 | D:11     | Gained mutation: Your natural rate of healing is unusually fast. [mutagenic meat]
 16990 | D:11     | Noticed Fannar
 17000 | D:10     | Killed Fannar
 17000 | D:10     | Received a gift from Okawaru
 17179 | D:10     | Lost mutation: Your muscles are strong. (Str +2) [potion of cure mutation]
 17179 | D:10     | Lost mutation: Your magical capacity is low (-10% MP). [potion of cure mutation]
 17179 | D:10     | Lost mutation: Your body sometimes deteriorates upon taking damage. [potion of cure mutation]
 17179 | D:10     | Lost mutation: You expend magic power (3 MP) to strengthen your wands. [potion of cure mutation]
 17179 | D:10     | Lost mutation: You have a pair of small horns on your head. [potion of cure mutation]
 17285 | D:11     | Noticed Josephine
 17290 | D:11     | Killed Josephine
 17290 | D:11     | Reached skill level 10 in Armour
 17296 | D:10     | Received a gift from Okawaru
 17689 | D:11     | Found a staircase to the Lair.
 17807 | Lair:1   | Entered Level 1 of the Lair of Beasts
 17908 | Lair:1   | Found a radiant altar of Vehumet.
 18066 | Lair:1   | Found a dark tunnel.
 18069 | Lair:1   | Received a gift from Okawaru
 18077 | Volcano  | Entered a volcano
 18214 | Volcano  | Received a gift from Okawaru
 18653 | Lair:1   | Reached XP level 13. HP: 82/82 MP: 19/19
 19004 | Lair:1   | Received a gift from Okawaru
 19544 | Lair:2   | Upgraded the game from 0.18-a0-1593-g7a89b71 to 0.18-a0-1606-gb0fe834
 19998 | Lair:2   | Learned a level 2 spell: Blink
 20001 | Lair:2   | Learned a level 2 spell: Repel Missiles
 20662 | Lair:3   | Gained mutation: You can fly continuously. [Tengu growth]
 20662 | Lair:3   | Reached XP level 14. HP: 87/87 MP: 19/21
 21086 | Lair:3   | Found a staircase to the Snake Pit.
 21384 | D:8      | Reached skill level 10 in Invocations
 21716 | Lair:3   | Found a staircase to the Shoals.
 22937 | Lair:4   | You are sucked into a shaft for 3 floors!
 22992 | Lair:7   | Reached skill level 10 in Fighting
 23270 | Lair:7   | Received a gift from Okawaru
 24390 | Lair:5   | Received a gift from Okawaru
 24478 | Lair:5   | Found a bloodstained altar of Trog.
 24790 | Lair:5   | Reached skill level 15 in Crossbows
 25053 | Lair:6   | Found a staircase to the Slime Pits.
 25540 | Lair:6   | Reached XP level 15. HP: 92/92 MP: 23/23
 26208 | Lair:7   | Received a gift from Okawaru
 26212 | Lair:7   | Noticed Snorg
 26220 | Lair:7   | Killed Snorg
 28959 | Lair:8   | Entered Level 8 of the Lair of Beasts
 29469 | Lair:8   | Received a gift from Okawaru
 29606 | Lair:7   | Reached ****** piety under Okawaru
 29719 | Lair:8   | Received a gift from Okawaru
 30111 | Lair:8   | Received a gift from Okawaru
 30116 | Lair:8   | Received a gift from Okawaru
 30268 | Lair:8   | Reached XP level 16. HP: 87/97 MP: 21/24
 30273 | Lair:8   | Received a gift from Okawaru
 31177 | Orc:1    | Entered Level 1 of the Orcish Mines
 31375 | Orc:2    | Entered Level 2 of the Orcish Mines
 31455 | Orc:2    | Reached skill level 12 in Dodging
 31957 | Orc:1    | Received a gift from Okawaru
 32192 | Orc:2    | Reached skill level 13 in Dodging
 32275 | Orc:2    | Noticed Maurice
 32357 | Orc:1    | Killed Maurice
 32576 | Orc:2    | Found a staircase to the Elven Halls.
 33396 | Orc:2    | Found Ytutterph's General Store.
 33402 | Orc:2    | Found Ciwediut's Distillery.
 33496 | Orc:2    | Bought a potion of agility for 44 gold pieces
 33498 | Orc:2    | Bought a potion of haste for 150 gold pieces
 33663 | Orc:2    | Received a gift from Okawaru
 33663 | Orc:2    | Reached skill level 14 in Dodging
 34056 | Orc:2    | Received a gift from Okawaru
 34117 | Orc:2    | Received a gift from Okawaru
 34148 | Orc:2    | Found Myrie's Book Emporium.
 34148 | Orc:2    | Found Otallor's Antique Weapon Shoppe.
 34150 | Orc:2    | Found a one-way gate leading to the halls of Pandemonium.
 34342 | D:13     | Reached skill level 15 in Dodging
 34492 | D:13     | Found a frozen archway.
 34512 | IceCv    | Entered an ice cave
 34925 | IceCv    | Gained mutation: You possess an exceptional clarity of mind. [potion of beneficial mutation]
 35005 | IceCv    | Got a steaming great sword
 35050 | IceCv    | Received a gift from Okawaru
 35216 | IceCv    | Identified the +3 great sword "Leneniq" {vamp, rC+ Str+5} (You found it in an ice cave)
 35440 | D:12     | Reached XP level 17. HP: 91/102 MP: 25/25
 35536 | D:13     | Received a gift from Okawaru
 35536 | D:13     | Reached skill level 16 in Dodging
 35550 | D:13     | Noticed Azrael
 35564 | D:13     | Killed Azrael
 35686 | D:13     | Found Saapu Ciso's Antique Weapon Shop.
 36699 | D:14     | Found a blossoming altar of Fedhas.
 36820 | D:14     | Noticed Nessos
 36823 | D:14     | Killed Nessos
 36959 | D:14     | Got a shimmering ring mail
 36960 | D:14     | Identified the +1 ring mail of Nack {*Confuse Regen+ Int+5} (You found it on level 14 of the Dungeon)
 37015 | D:14     | Reached skill level 17 in Dodging
 37088 | D:14     | Found a gate to the Vaults.
 37522 | D:14     | Noticed Urug
 37529 | D:14     | Killed Urug
 37896 | D:14     | Got an ichor-stained leather armour
 37897 | D:14     | Identified the +3 leather armour of Subjectivity {+Blink Dex+4 Slay+3} (You found it on level 14 of the Dungeon)
 38005 | D:14     | Received a gift from Okawaru
 38236 | D:15     | Entered Level 15 of the Dungeon
 38238 | D:15     | Reached skill level 18 in Dodging
 38959 | D:14     | Received a gift from Okawaru
 39584 | D:15     | Received a gift from Okawaru
 39888 | D:15     | Reached skill level 19 in Dodging
 39932 | D:15     | Found a staircase to the Depths.
 40325 | Snake:1  | Entered Level 1 of the Snake Pit
 40681 | Snake:1  | Reached XP level 18. HP: 108/108 MP: 26/26
 40949 | Snake:2  | Noticed Aizul
 40960 | Snake:2  | Killed Aizul
 41333 | Snake:2  | Received a gift from Okawaru
 41540 | Snake:2  | Reached skill level 20 in Dodging
 41675 | Snake:2  | Received a gift from Okawaru
 41980 | Snake:2  | Received a gift from Okawaru
 42313 | Snake:3  | Noticed Vashnia
 42420 | Snake:3  | Killed Vashnia
 42705 | Snake:3  | Gained mutation: You are partially covered in icy blue scales (AC +1). [potion of beneficial mutation]
 43046 | Snake:3  | Received a gift from Okawaru
 43050 | Snake:3  | Got a brightly glowing plate armour {god gift}
 43051 | Snake:3  | Identified the +2 plate armour of Sousolen {*Contam Int+7} (Okawaru gifted it to you on level 3 of the Snake Pit)
 43107 | Snake:4  | Entered Level 4 of the Snake Pit
 44249 | Snake:4  | Reached skill level 1 in Air Magic
 44260 | Snake:4  | Reached skill level 1 in Charms
 44296 | Snake:4  | Reached skill level 1 in Spellcasting
 44479 | Snake:4  | Reached skill level 5 in Air Magic
 44523 | Snake:4  | Reached XP level 19. HP: 113/113 MP: 27/27
 44782 | Snake:4  | Received a gift from Okawaru
 45052 | Snake:4  | Received a gift from Okawaru
 45162 | Snake:4  | Got a serpentine rune of Zot
 45187 | Snake:4  | Reached skill level 1 in Translocations
 45389 | Shoals:1 | Entered Level 1 of the Shoals
 45419 | Shoals:1 | Noticed Donald
 45422 | Shoals:1 | Killed Donald
 45515 | Shoals:1 | Found Min Odghioku's Distillery.
 45543 | Shoals:1 | Bought a potion of heal wounds for 55 gold pieces
 45543 | Shoals:1 | Bought a potion of heal wounds for 55 gold pieces
 45543 | Shoals:1 | Bought a potion of mutation for 27 gold pieces
 46946 | Shoals:2 | Found a shimmering altar of Xom.
 47102 | Shoals:1 | Reached skill level 5 in Translocations
 47627 | Shoals:2 | Received a gift from Okawaru
 48425 | Shoals:3 | Noticed Ilsuiw
 48446 | Shoals:3 | Killed Ilsuiw
 48529 | Shoals:3 | Noticed Polyphemus
 48548 | Shoals:3 | Killed Polyphemus
 48548 | Shoals:3 | Reached skill level 1 in Evocations
 49341 | Shoals:4 | Entered Level 4 of the Shoals
 49452 | Shoals:4 | Received a gift from Okawaru
 49893 | Shoals:3 | Reached XP level 20. HP: 120/120 MP: 28/28
 50015 | Shoals:4 | Received a gift from Okawaru
 50615 | Shoals:4 | Got a barnacled rune of Zot
 50759 | Shoals:4 | Noticed Louise
 50789 | Shoals:4 | Killed Louise
 50789 | Shoals:4 | Reached skill level 5 in Evocations
 51450 | Shoals:4 | Identified the Papyrus of Sinister Rituals (You found it on level 4 of the Shoals)
 51455 | Shoals:4 | Learned a level 3 spell: Regeneration
 51461 | Shoals:4 | Noticed Jorgrun
 51469 | Shoals:4 | Killed Jorgrun
 51599 | Shoals:4 | Got a spiked leather armour
 51600 | Shoals:4 | Identified the cursed +0 leather armour of the Crypt {MP+9 Int+3 Stlth+} (You took it off a merfolk on level 4 of the Shoals)
 52431 | Vaults:1 | Entered Level 1 of the Vaults
 52769 | Vaults:1 | Received a gift from Okawaru
 52770 | Vaults:1 | Reached skill level 5 in Necromancy
 53196 | D:4      | Bought an uncursed ring of protection from cold for 300 gold pieces
 53196 | D:4      | Bought an uncursed ring of protection from magic for 300 gold pieces
 54304 | Vaults:1 | Received a gift from Okawaru
 54813 | Vaults:2 | Reached skill level 5 in Spellcasting
 54908 | Vaults:2 | Reached skill level 5 in Charms
 54924 | Vaults:2 | Reached XP level 21. HP: 124/124 MP: 29/29
 55867 | Vaults:2 | Received a gift from Okawaru
 56555 | Vaults:3 | Found a staircase to the Crypt.
 56555 | Vaults:3 | Found a basalt altar of Yredelemnul.
 56556 | Vaults:3 | Found an ancient bone altar of Kikubaaqudgha.
 56591 | Vaults:3 | Received a gift from Okawaru
 56964 | Vaults:3 | Identified a +8 rod of shadows (10/10) (You found it on level 3 of the Vaults)
 57581 | Vaults:3 | Received a gift from Okawaru
 58567 | Vaults:4 | Noticed Xtahua
 58572 | Vaults:4 | Killed Xtahua
 58611 | Vaults:4 | Received a gift from Okawaru
 58837 | Vaults:4 | Noticed Frederick
 58845 | Vaults:4 | Killed Frederick
 59025 | Vaults:4 | Reached XP level 22. HP: 132/132 MP: 32/32
 59880 | Elf:1    | Entered Level 1 of the Elven Halls
 60309 | Elf:1    | Noticed Kirke
 60327 | Elf:1    | Killed Kirke
 61041 | Elf:2    | Reached skill level 10 in Evocations
 61268 | Elf:2    | Found a runed gate.
 61269 | Elf:2    | Found a runed gate.
 61269 | Elf:2    | Found a runed gate.
 61350 | Elf:3    | Entered Level 3 of the Elven Halls
 61356 | Elf:3    | Noticed Wiglaf
 61359 | Elf:3    | Killed Wiglaf
 61359 | Elf:3    | Received a gift from Okawaru
 61760 | Elf:3    | Received a gift from Okawaru
 61807 | Elf:3    | Noticed Nikola
 61866 | Elf:3    | Received a gift from Okawaru
 62010 | Elf:3    | Received a gift from Okawaru
 62010 | Elf:3    | Reached XP level 23. HP: 141/141 MP: 33/33
 62088 | Elf:3    | Noticed Mara
 62099 | Elf:3    | Killed Mara
 62290 | Elf:3    | Received a gift from Okawaru
 62323 | Elf:3    | Received a gift from Okawaru
 62601 | Elf:3    | Got a fine blowgun {@w1}
 62602 | Elf:3    | Identified the +4 blowgun of Taxation {evade, MR+, @w1} (You found it on level 3 of the Elven Halls)
 62637 | Elf:3    | Learned a level 1 spell: Apportation
 62639 | Elf:3    | Learned a level 1 spell: Summon Butterflies
 62668 | Elf:3    | Received a gift from Okawaru
 62668 | Elf:3    | Reached skill level 1 in Summonings
 62715 | Elf:3    | Got a transparent cloak
 62726 | Elf:3    | Identified the +1 cloak of the Turtle {rF+} (You found it on level 3 of the Elven Halls)
 62834 | Elf:3    | Drew Focus: Dex increased to 20, Int decreased to 11
 62837 | Elf:3    | Drew Focus: Dex increased to 21, Int decreased to 10
 62838 | Elf:3    | Hired Horimmuf the red draconian for 1316 gold.
 63008 | Elf:3    | Killed Nikola
 63467 | Snake:1  | Received a gift from Okawaru
 64060 | Crypt:1  | Entered Level 1 of the Crypt
 64060 | Crypt:1  | Noticed Khufu
 64060 | Crypt:1  | Noticed a greater mummy
 64060 | Crypt:1  | Noticed a greater mummy
 64070 | Crypt:1  | Killed Khufu
 64070 | Crypt:1  | Reached skill level 21 in Dodging
 64075 | Crypt:1  | Your ally Horimmuf died
 64079 | Vaults:3 | Killed a greater mummy
 64185 | Vaults:3 | Killed a greater mummy
 64312 | Crypt:1  | Reached skill level 22 in Dodging
 65472 | Crypt:1  | Reached skill level 23 in Dodging
 66145 | Crypt:2  | Reached skill level 15 in Fighting
 66155 | Crypt:2  | Received a gift from Okawaru
 66331 | Crypt:2  | Reached XP level 24. HP: 84/150 MP: 32/33
 66495 | Crypt:3  | Entered Level 3 of the Crypt
 67593 | Crypt:3  | Received a gift from Okawaru
 68669 | Crypt:3  | Found a staircase to the Tomb.
 69000 | Crypt:3  | Found an ancient bone altar of Kikubaaqudgha.
 69005 | Crypt:3  | Noticed an ancient lich
 69024 | Crypt:3  | Killed an ancient lich
 69063 | Crypt:3  | Noticed an ancient lich
 69071 | Crypt:3  | Killed an ancient lich
 69449 | D:14     | Identified a +3 rod of inaccuracy (11/11) (You found it on level 3 of the Crypt)
 69529 | Depths:1 | Entered Level 1 of the Depths
 70321 | Depths:1 | Found a gateway to Hell.
 71095 | Depths:2 | Received a gift from Okawaru
 71224 | Depths:2 | Found Vetomete's Assorted Antiques.
 71235 | Depths:2 | Bought a bloodstained leather armour for 315 gold pieces
 71235 | Depths:2 | Identified the +1 leather armour of the Shoals {rN+} (You bought it in a shop on level 2 of the Depths)
 71238 | Depths:2 | Upgraded the game from 0.18-a0-1606-gb0fe834 to 0.18-a0-1618-gf90497c
 71772 | Depths:2 | Found a portal to a secret trove of treasure.
 71847 | Depths:2 | Reached XP level 25. HP: 66/165 MP: 26/33
 73098 | Depths:2 | You paid a toll of a +4 fire dragon armour to enter a treasure trove
 73099 | Trove    | Entered a treasure trove
 73127 | Trove    | Got a crude tin amulet
 73128 | Trove    | Identified the amulet "Guoggeedgh" {Reflect Str+3 Int+3 SH+5} (You found it in a treasure trove)
 73509 | Depths:2 | Received a gift from Okawaru
 74287 | Depths:3 | Received a gift from Okawaru
 74448 | Depths:3 | Found a gateway to a ziggurat.
 74625 | Depths:3 | Identified the Catalogue of the Damaging Birds
 74804 | Depths:3 | Received a gift from Okawaru
 74893 | Depths:3 | Identified the Papyrus of the Harmful Volcanoes
 75005 | Depths:3 | Identified Kiwno Gob's Collected Works on Boosting Necromancy
 75129 | Depths:3 | Got a sparkling bronze ring
 75129 | Depths:3 | Identified the Guide on Shape Shifting
 75132 | Depths:3 | Identified the ring of Pafewiz {*Drain +Fly rElec rF+ rC+ Dex+4} (You found it on level 3 of the Depths)
 75255 | Depths:3 | Received a gift from Okawaru
 75312 | Depths:3 | Identified Urphiatid's Collected Works on Hurtful Poison
 75437 | Depths:3 | Found a corrupted altar of Lugonu.
 75438 | Depths:3 | Found a one-way gate to the infinite horrors of the Abyss.
 75623 | Depths:3 | Received a gift from Okawaru
 76129 | Depths:3 | Reached skill level 24 in Dodging
 76332 | Depths:3 | Got a jewelled ring mail
 76333 | Depths:3 | Identified the +1 ring mail of Axufyuj {+Inv rF+ Dex+4} (You found it on level 3 of the Depths)
 76590 | Depths:3 | Identified the Collected Works on Boosting Translocation
 76802 | Depths:4 | Reached XP level 26. HP: 177/177 MP: 33/33
 77558 | Depths:4 | Reached skill level 25 in Dodging
 77719 | Depths:4 | Received a gift from Okawaru
 78941 | Depths:5 | Entered Level 5 of the Depths
 79018 | Depths:5 | Found Huet's Book Shop.
 79051 | Depths:5 | Found Iseiper's Book Shop.
 79051 | Depths:5 | Found Noxi's Antique Weapon Shop.
 79133 | Depths:5 | Found Veucauf's Antique Weapon Shoppe.
 79235 | Depths:5 | Reached skill level 26 in Dodging
 79287 | Depths:5 | Paralysed by a giant eyeball for 2 turns
 79622 | Depths:5 | Found Apnull's General Store.
 80578 | Depths:5 | Received a gift from Okawaru
 80595 | Depths:5 | Found a gate to the Realm of Zot.
 81187 | Slime:1  | Entered Level 1 of the Pits of Slime
 81262 | Slime:1  | Reached XP level 27. HP: 172/182 MP: 32/33
 81338 | Slime:1  | Reached skill level 27 in Dodging
 81375 | Slime:2  | Received a gift from Okawaru
 81539 | Slime:4  | Noticed Dissolution
 81708 | Slime:3  | Received a gift from Okawaru
 82014 | Slime:5  | Received a gift from Okawaru
 82045 | Slime:6  | Entered Level 6 of the Pits of Slime
 82486 | Slime:6  | Noticed the Royal Jelly
 82511 | Slime:6  | Found a viscous altar of Jiyva.
 82518 | Slime:6  | Received a gift from Okawaru
 82568 | Slime:6  | Killed the Royal Jelly
 82689 | Slime:6  | Got a warped chain mail
 82690 | Slime:6  | Identified the +0 chain mail "Paca" {rPois rF- Int-3 Stlth+} (You found it on level 6 of the Pits of Slime)
 82734 | Slime:6  | Got a heavily runed steel ring
 82736 | Slime:6  | Identified the ring of Moebuzank {rC++ AC+4 Str+2 Dex-4} (You found it on level 6 of the Pits of Slime)
 82748 | Slime:6  | Identified a cursed +2 rod of inaccuracy (9/9) (You found it on level 6 of the Pits of Slime)
 82792 | Slime:6  | Got a slimy rune of Zot
 82794 | Slime:6  | Identified Vehumet's Volume of Combat Magic
 84797 | Vaults:5 | Entered Level 5 of the Vaults
 84970 | Vaults:4 | Received a gift from Okawaru
 85063 | Vaults:4 | Received a gift from Okawaru
 85311 | Vaults:4 | Received a gift from Okawaru
 85525 | Vaults:5 | Noticed an ancient lich
 85556 | Vaults:4 | Killed an ancient lich
 85879 | Vaults:5 | Identified a +6 rod of shadows (9/14) {!a} (You took it off a tengu reaver on level 5 of the Vaults)
 85936 | Vaults:5 | Reached skill level 15 in Armour
 86064 | Vaults:5 | Received a gift from Okawaru
 86083 | Vaults:5 | Received a gift from Okawaru
 86329 | Vaults:5 | Received a gift from Okawaru
 86596 | Vaults:5 | Identified the Collected Works on Unstable Arcane Weapons
 86800 | Vaults:5 | Identified the Reference Book on Blistering Conjuration
 86921 | Vaults:5 | Identified the Collected Works on Hexes and Transmutation
 86964 | Vaults:5 | Received a gift from Okawaru
 86979 | Vaults:5 | Got a warped plate armour {god gift}
 86980 | Vaults:5 | Identified the +10 plate armour "Zusam" {Str+4} (Okawaru gifted it to you on level 5 of the Vaults)
 87327 | Vaults:5 | Got a silver rune of Zot
 88268 | Zot:1    | Entered Level 1 of the Realm of Zot
 88664 | Zot:2    | Reached skill level 10 in Necromancy
 89131 | Zot:1    | Got a coiled brass ring
 89132 | Zot:1    | Identified the ring of Qazlal's Hatred {Fire rPois MP+9 Dex-2} (You found it on level 1 of the Realm of Zot)
 89381 | Zot:4    | Noticed an orb of fire
 89391 | Zot:4    | Killed an orb of fire
 89633 | Zot:4    | Received a gift from Okawaru
 90538 | Zot:4    | Reached skill level 5 in Summonings
 90871 | Zot:5    | Entered Level 5 of the Realm of Zot
 91556 | Zot:5    | Noticed an orb of fire
 91558 | Zot:5    | Gained mutation: You are frail (-10% HP). [an orb of fire]
 91560 | Zot:5    | Gained mutation: You are very frail (-20% HP). [an orb of fire]
 91562 | Zot:5    | Killed an orb of fire
 91879 | Depths:2 | Lost mutation: You are partially covered in icy blue scales (AC +1). [potion of cure mutation]
 91879 | Depths:2 | Lost mutation: Your mind is acute. (Int +2) [potion of cure mutation]
 91879 | Depths:2 | Lost mutation: You are very frail (-20% HP). [potion of cure mutation]
 91879 | Depths:2 | Lost mutation: You possess an exceptional clarity of mind. [potion of cure mutation]
 91879 | Depths:2 | Lost mutation: You are frail (-10% HP). [potion of cure mutation]
 92421 | Depths:4 | Received a gift from Okawaru
 92805 | Zot:5    | Noticed an ancient lich
 92811 | Zot:5    | Killed an ancient lich
 92934 | Zot:5    | Noticed an ancient lich
 92936 | Zot:5    | Noticed an orb of fire
 92937 | Zot:5    | Noticed an orb of fire
 92961 | Zot:5    | Killed an orb of fire
 92966 | Zot:5    | Killed an orb of fire
 92989 | Zot:5    | Killed an ancient lich
 93171 | Zot:5    | Noticed an ancient lich
 93186 | Zot:5    | Killed an ancient lich
 93186 | Zot:5    | Received a gift from Okawaru
 93206 | Zot:5    | Received a gift from Okawaru
 93222 | Zot:5    | Got a steaming cloak {god gift}
 93225 | Zot:5    | Identified the +1 cloak of Defence {rF- rC++ rCorr Str+4} (Okawaru gifted it to you on level 5 of the Realm of Zot)
 93382 | Zot:5    | Noticed an orb of fire
 93393 | Zot:5    | Killed an orb of fire
 93778 | Zot:5    | Got the Orb of Zot
 93791 | Zot:5    | Noticed an orb of fire
 93794 | Zot:5    | Gained mutation: You are frail (-10% HP). [an orb of fire]
 93806 | Zot:5    | Gained mutation: Your body sometimes deteriorates upon taking damage. [an orb of fire]
 93820 | Zot:5    | Lost mutation: You are frail (-10% HP). [potion of cure mutation]
 93820 | Zot:5    | Lost mutation: Your body sometimes deteriorates upon taking damage. [potion of cure mutation]
 93820 | Zot:5    | Lost mutation: Your natural rate of healing is unusually fast. [potion of cure mutation]
 94242 | D:8      | Noticed Gofoox the pandemonium lord
 94333 | D:2      | Noticed Ostrer the pandemonium lord
 94355 | D:2      | Killed Ostrer the pandemonium lord
 94492 | D:$      | Escaped with the Orb!

Vault maps used:
D:1:      minmay_arrival_four_houses
D:2:      first_bread, small_statue_intersection
D:3:      minmay_door_path
D:4:      kennysheep_goblin_castle, old_standard_altar, lemuel_crystal_altar,
          minmay_temple_entry_statues, serial_shops, shop,
          minmay_misc_feat_five, amalloy_card_club, uniq_grinder
D:5:      corexii_shack_village, serial_shops, shop, mrwooster_statue_mirror
D:6:      serial_undead, serial_undead_a, serial_undead_a, serial_undead_c,
          serial_undead_d, serial_undead_a, serial_undead_b, serial_undead_c,
          nicolae_ru_path_of_blood, uniq_prince_ribbit1, uniq_crazy_yiuf_cottage
D:7:      grunt_ogre_cave, kennysheep_generic_room_16, uniq_joseph
D:8:      enter_bailey_3
D:9:      orc_0_dummy, serial_co_window_serial, co_window_of_opportunity_a,
          co_window_paths_b, co_window_paths_b, co_window_of_opportunity_a,
          co_window_corner_a, co_window_broadway_b, co_window_corner_b,
          co_window_2corner, co_window_broadway_a, glass_columns_a,
          glass_columns_a, minmay_misc_feat_hallway
D:10:     nrook_mini_vaults
D:11:     due_lair_maze_entry_diamond, uniq_josephine, uniq_fannar
D:12:     kennysheep_another_room
D:13:     serial_shops, nicolae_shop_overgrown_old_shop,
          portal_ice_cave_entry_ice_beasts, kennysheep_generic_room_13,
          uniq_azrael
D:14:     kennysheep_windowed_halls, david_vaults_2,
          fedhas_bush_and_centaur_altar, uniq_nessos, uniq_urug
D:15:     gammafunk_enter_depths_forms, dk_noncrumbling_4, serial_bayou_pond_e,
          stair_cage_open
Temple:   grunt_circular_temple_18
Lair:1:   nicolae_volcano_entry_vermiform, lemuel_centaur_altar
Lair:2:   cheibrodos_lair_caveside_slide
Lair:3:   elwin_shoals_entry_rocks, minmay_snake_entry_six_corridors,
          minivault_19
Lair:4:   gammafunk_lair_bear_cave, kilobyte_rumbling_trees
Lair:5:   basic_altar, worms_lemuel
Lair:6:   nicolae_slime_entry_slimehenge, special_room
Lair:7:   guppyfry_lair_drakes, uniq_snorg
Lair:8:   minmay_lair_end_enchanted_forest, grunt_forest_small_clearing_treed,
          lemuel_fruit_fields
Shoals:1: serial_shops, shop, uniq_donald
Shoals:2: lemuel_oklob_altar
Shoals:3: uniq_polyphemus, uniq_ilsuiw
Shoals:4: shoals_end_grunt_ice, shoals_ilsuiw_ice, uniq_louise, uniq_jorgrun
Snake:2:  uniq_aizul
Snake:3:  uniq_vashnia
Snake:4:  snake_pit, st_stairs_10, nicolae_snake_double_loop, lemuel_fruit_tree
Slime:1:  nicolae_slime_barrier, cheibrodos_slime_lost_civilization_7
Slime:2:  cheibrodos_slime_lost_civilization_5
Slime:4:  nicolae_slime_phagocytosis, uniq_dissolution
Orc:2:    pf_orc_diabolical, uniq_maurice
Elf:1:    hangedman_elf_disciples, st_stairs_3, uniq_kirke
Elf:3:    grunt_elf_hall_diamonds, uniq_nikola, uniq_wiglaf, uniq_mara
Vaults:1: vaults_standard_mumra_lines, hangedman_vaults_maws,
          hangedman_vaults_stitches, dpeg_vaults_monster_box,
          hangedman_vaults_nodes, vaults_room_grunt_arrival_ludios,
          nicolae_vaults_murderbox, serial_ice_m, vaults_room_ringed_pool,
          nicolae_vaults_shelves_hall
Vaults:2: v_pattern_5, ontoclasm_vaults_ring_square,
          nicolae_vaults_ninety_degrees, ontoclasm_vaults_chip,
          ontoclasm_vaults_bender, v_misc_26, nicolae_vaults_what_the_h,
          v_misc_1, st_lattice, vaults_room_stairs_pillars,
          ontoclasm_vaults_pinch, nicolae_vaults_asterisk,
          nicolae_vaults_little_squares_5
Vaults:3: vaults_room_door_ring, nicolae_vaults_circle_grid_b,
          nicolae_vaults_three_branches, vaults_dpeg_spiral,
          minmay_crypt_entry_necro_gods, nicolae_vaults_octagons, v_misc_27,
          hangedman_vaults_river_flow, v_misc_10, v_misc_27
Vaults:4: v_misc_26, nicolae_vaults_shelves_hall, hangedman_vaults_restitches,
          grunt_vaults_bifocal, serial_ice_m, ontoclasm_vaults_spin,
          ontoclasm_vaults_decontamination, serial_ice_b, st_smaller_cells,
          uniq_xtahua, uniq_frederick
Crypt:1:  uniq_khufu
Crypt:3:  quadcrypt_mu
Depths:1: hangedman_geh_valley, nicolae_water_bricks, kennysheep_generic_room_15
Depths:2: evilmike_diamond_1, minmay_stone_trees_small, enter_trove_6,
          hell_entry, serial_shops, nicolae_shop_temple_entry_statues_fountains,
          nrook_uturn
Depths:3: vault_1, enter_ziggurat_f, pan_entry, abyss_entry_flame_altar,
          serial_hangedman_research, hangedman_research_pyrotechnics,
          hangedman_research_metamorphosis, hangedman_research_quantum,
          hangedman_research_electronics, hangedman_research_toxicology,
          hangedman_research_thanatology, hell_entry
Depths:4: minmay_connected_boxes_in_corner, pan_entry,
          serial_sigils_hangedman_carve, abyss_entry_crystal, hell_entry,
          minmay_staircase_bubble
Depths:5: grunt_zot_entry_hairpin, hell_entry, serial_shops, nicolae_shop_stone,
          nicolae_shop_trees, nicolae_shop_waterfront, shop, nicolae_shop_trees,
          corexii_corridor_pit
Zot:3:    hangedman_orp_of_zott, grunt_ministairs_1, lemuel_elevator
Zot:4:    lemuel_firehouse
Zot:5:    bh_zot_levy_curve, st_stairs_3, basic_stair_grate_trap
Trove:    trove_garden
Bailey:   bailey_axe_minmay_hex_keep, bailey
IceCv:    ice_cave_small_giant
Volcano:  volcano_village

Skill      XL: |  1  2  3  4  5  6  7  8  9 10 11 12 13 14 15 16 17 18 19 20 21 22 23 24 25 26 27 |
---------------+----------------------------------------------------------------------------------+-----
Fighting       | 4 5 6 7 9 10 11 13 15 19 21 22 | 22.1
Crossbows      | 1 4 6 8 11 12 13 15 18 19 20 21 22 26 | 26.0
Dodging        | 4 7 11 15 19 20 23 24 26 27 | 27.0
Invocations    | 2 5 6 9 10 | 10.0
Armour         | 2 8 10 11 12 13 23 | 23.2
Air Magic      | 5 9 |  9.3
Charms         | 2 3 5 6 |  6.8
Spellcasting   | 1 2 5 6 |  6.0
Translocations | 6 7 |  7.0
Evocations     | 1 6 7 11 12 | 12.0
Necromancy     | 8 9 10 | 10.0
Summonings     | 1 4 6 |  6.0
Stealth        | |  2.0
Unarmed Combat | |  4.3

Action                   |  1- 3 |  4- 6 |  7- 9 | 10-12 | 13-15 | 16-18 | 19-21 | 22-24 | 25-27 || total
-------------------------+-------+-------+-------+-------+-------+-------+-------+-------+-------++-------
Melee: Unarmed           |   106 |   134 |   416 |   379 |  1118 |   399 |       |       |       ||  2552
       Arbalest          |       |       |       |     1 |       |       |       |       |       ||     1
       Blowgun           |       |       |       |     1 |       |       |       |       |       ||     1
       Triple crossbow   |       |       |       |       |       |     2 |       |       |       ||     2
 Fire: Hand crossbow     |       |    36 |   113 |    22 |       |       |       |       |       ||   171
       Hunting sling     |       |       |   112 |    76 |       |       |       |       |       ||   188
       Blowgun           |       |       |    19 |    76 |       |       |       |       |       ||    95
       Arbalest          |       |       |       |   376 |   266 |       |       |       |       ||   642
       Triple crossbow   |       |       |       |       |   300 |  1109 |  1320 |  1285 |  2539 ||  6553
Throw: Stone             |    41 |    19 |    58 |     8 |       |       |       |       |       ||   126
       Javelin           |       |       |     1 |     8 |     9 |       |       |       |       ||    18
 Cast: Repel Missiles    |       |       |       |       |     1 |     7 |     7 |     5 |    13 ||    33
       Regeneration      |       |       |       |       |       |       |    18 |    50 |   158 ||   226
       Blink             |       |       |       |       |       |       |       |       |    17 ||    17
       Apportation       |       |       |       |       |       |       |       |       |    53 ||    53
       Summon Butterflie |       |       |       |       |       |       |       |       |     1 ||     1
Invok: Heroism           |       |       |     2 |    17 |     3 |    10 |    16 |    14 |    15 ||    77
       Finesse           |       |       |       |     2 |       |     3 |     1 |     2 |     6 ||    14
 Abil: Fly               |       |       |       |     2 |     4 |       |     2 |       |     6 ||    14
       Evoke Invisibilit |       |       |       |       |       |       |     3 |       |    10 ||    13
       Stop Flying       |       |       |       |       |       |       |     2 |       |     6 ||     8
       Turn Visible      |       |       |       |       |       |       |       |       |     5 ||     5
Evoke: Wand              |       |       |       |     1 |       |     1 |       |       |     3 ||     5
       Rod               |       |       |       |       |       |       |     2 |       |       ||     2
       Lamp of fire      |       |       |       |       |       |       |     1 |       |       ||     1
       Deck              |       |       |       |       |       |       |       |    10 |       ||    10
       Phantom mirror    |       |       |       |       |       |       |       |       |     1 ||     1
  Use: Potion            |     3 |       |     4 |     7 |     1 |     5 |       |     3 |    15 ||    38
       Scroll            |       |     8 |    13 |    11 |    11 |     9 |     3 |     5 |    30 ||    90
 Stab: Sleeping          |     3 |       |       |       |     1 |       |       |       |       ||     4
       Distracted        |       |       |     1 |       |       |       |       |       |       ||     1
  Eat: Chunk             |     3 |     7 |    22 |    32 |    34 |    34 |    41 |    19 |    49 ||   241
       Pizza             |       |       |       |     2 |       |     2 |     1 |     1 |       ||     6
       Beef jerky        |       |       |       |     1 |     1 |     1 |     1 |    11 |     5 ||    20
       Royal jelly       |       |       |       |       |     1 |     3 |     2 |     1 |       ||     7
       Meat ration       |       |       |       |       |       |       |       |     1 |     8 ||     9

Vault maps used:
D:1:      minmay_arrival_four_houses
D:2:      first_bread, small_statue_intersection
D:3:      minmay_door_path
D:4:      kennysheep_goblin_castle, old_standard_altar, lemuel_crystal_altar,
          minmay_temple_entry_statues, serial_shops, shop,
          minmay_misc_feat_five, amalloy_card_club, uniq_grinder
D:5:      corexii_shack_village, serial_shops, shop, mrwooster_statue_mirror
D:6:      serial_undead, serial_undead_a, serial_undead_a, serial_undead_c,
          serial_undead_d, serial_undead_a, serial_undead_b, serial_undead_c,
          nicolae_ru_path_of_blood, uniq_prince_ribbit1, uniq_crazy_yiuf_cottage
D:7:      grunt_ogre_cave, kennysheep_generic_room_16, uniq_joseph
D:8:      enter_bailey_3
D:9:      orc_0_dummy, serial_co_window_serial, co_window_of_opportunity_a,
          co_window_paths_b, co_window_paths_b, co_window_of_opportunity_a,
          co_window_corner_a, co_window_broadway_b, co_window_corner_b,
          co_window_2corner, co_window_broadway_a, glass_columns_a,
          glass_columns_a, minmay_misc_feat_hallway
D:10:     nrook_mini_vaults
D:11:     due_lair_maze_entry_diamond, uniq_josephine, uniq_fannar
D:12:     kennysheep_another_room
D:13:     serial_shops, nicolae_shop_overgrown_old_shop,
          portal_ice_cave_entry_ice_beasts, kennysheep_generic_room_13,
          uniq_azrael
D:14:     kennysheep_windowed_halls, david_vaults_2,
          fedhas_bush_and_centaur_altar, uniq_nessos, uniq_urug
D:15:     gammafunk_enter_depths_forms, dk_noncrumbling_4, serial_bayou_pond_e,
          stair_cage_open
Temple:   grunt_circular_temple_18
Lair:1:   nicolae_volcano_entry_vermiform, lemuel_centaur_altar
Lair:2:   cheibrodos_lair_caveside_slide
Lair:3:   elwin_shoals_entry_rocks, minmay_snake_entry_six_corridors,
          minivault_19
Lair:4:   gammafunk_lair_bear_cave, kilobyte_rumbling_trees
Lair:5:   basic_altar, worms_lemuel
Lair:6:   nicolae_slime_entry_slimehenge, special_room
Lair:7:   guppyfry_lair_drakes, uniq_snorg
Lair:8:   minmay_lair_end_enchanted_forest, grunt_forest_small_clearing_treed,
          lemuel_fruit_fields
Shoals:1: serial_shops, shop, uniq_donald
Shoals:2: lemuel_oklob_altar
Shoals:3: uniq_polyphemus, uniq_ilsuiw
Shoals:4: shoals_end_grunt_ice, shoals_ilsuiw_ice, uniq_louise, uniq_jorgrun
Snake:2:  uniq_aizul
Snake:3:  uniq_vashnia
Snake:4:  snake_pit, st_stairs_10, nicolae_snake_double_loop, lemuel_fruit_tree
Slime:1:  nicolae_slime_barrier, cheibrodos_slime_lost_civilization_7
Slime:2:  cheibrodos_slime_lost_civilization_5
Slime:4:  nicolae_slime_phagocytosis, uniq_dissolution
Orc:2:    pf_orc_diabolical, uniq_maurice
Elf:1:    hangedman_elf_disciples, st_stairs_3, uniq_kirke
Elf:3:    grunt_elf_hall_diamonds, uniq_nikola, uniq_wiglaf, uniq_mara
Vaults:1: vaults_standard_mumra_lines, hangedman_vaults_maws,
          hangedman_vaults_stitches, dpeg_vaults_monster_box,
          hangedman_vaults_nodes, vaults_room_grunt_arrival_ludios,
          nicolae_vaults_murderbox, serial_ice_m, vaults_room_ringed_pool,
          nicolae_vaults_shelves_hall
Vaults:2: v_pattern_5, ontoclasm_vaults_ring_square,
          nicolae_vaults_ninety_degrees, ontoclasm_vaults_chip,
          ontoclasm_vaults_bender, v_misc_26, nicolae_vaults_what_the_h,
          v_misc_1, st_lattice, vaults_room_stairs_pillars,
          ontoclasm_vaults_pinch, nicolae_vaults_asterisk,
          nicolae_vaults_little_squares_5
Vaults:3: vaults_room_door_ring, nicolae_vaults_circle_grid_b,
          nicolae_vaults_three_branches, vaults_dpeg_spiral,
          minmay_crypt_entry_necro_gods, nicolae_vaults_octagons, v_misc_27,
          hangedman_vaults_river_flow, v_misc_10, v_misc_27
Vaults:4: v_misc_26, nicolae_vaults_shelves_hall, hangedman_vaults_restitches,
          grunt_vaults_bifocal, serial_ice_m, ontoclasm_vaults_spin,
          ontoclasm_vaults_decontamination, serial_ice_b, st_smaller_cells,
          uniq_xtahua, uniq_frederick
Crypt:1:  uniq_khufu
Crypt:3:  quadcrypt_mu
Depths:1: hangedman_geh_valley, nicolae_water_bricks, kennysheep_generic_room_15
Depths:2: evilmike_diamond_1, minmay_stone_trees_small, enter_trove_6,
          hell_entry, serial_shops, nicolae_shop_temple_entry_statues_fountains,
          nrook_uturn
Depths:3: vault_1, enter_ziggurat_f, pan_entry, abyss_entry_flame_altar,
          serial_hangedman_research, hangedman_research_pyrotechnics,
          hangedman_research_metamorphosis, hangedman_research_quantum,
          hangedman_research_electronics, hangedman_research_toxicology,
          hangedman_research_thanatology, hell_entry
Depths:4: minmay_connected_boxes_in_corner, pan_entry,
          serial_sigils_hangedman_carve, abyss_entry_crystal, hell_entry,
          minmay_staircase_bubble
Depths:5: grunt_zot_entry_hairpin, hell_entry, serial_shops, nicolae_shop_stone,
          nicolae_shop_trees, nicolae_shop_waterfront, shop, nicolae_shop_trees,
          corexii_corridor_pit
Zot:3:    hangedman_orp_of_zott, grunt_ministairs_1, lemuel_elevator
Zot:4:    lemuel_firehouse
Zot:5:    bh_zot_levy_curve, st_stairs_3, basic_stair_grate_trap
Trove:    trove_garden
Bailey:   bailey_axe_minmay_hex_keep, bailey
IceCv:    ice_cave_small_giant
Volcano:  volcano_village
